 Dungeon Sprint DCSS version 0.26-a0-663-g36e8fdb655 (webtiles) character file.

Game seed: 14412123513310592920

16727 mhtbhm the Sorcerer (level 12, 0/61 HPs)
             Began as a Deep Elf Earth Elementalist on Oct 10, 2020.
             Was the Champion of Vehumet.
             Shot with an arrow by a deep elf master archer (18 damage)
             ... in the Dungeon (Sprint III: "The Ten Rune Challenge").
             The game lasted 00:09:32 (2705 turns).

mhtbhm the Sorcerer (Deep Elf Earth Elementalist)   Turns: 2705, Time: 00:09:33

Health: 0/61       AC:  4    Str:  5    XL:     12   Next: 12%
Magic:  33/42      EV: 18    Int: 21    God:    Vehumet [******]
Gold:   2163       SH:  0    Dex: 15    Spells: 45/60 levels left

rFire    + + +     SeeInvis .   a - +3 short sword (venom)
rCold    + . .     Faith    .   (no shield)
rNeg     . . .     Spirit   .   c - +2 robe {rPois}
rPois    +         Reflect  .   (no helmet)
rElec    .         Harm     .   (no cloak)
rCorr    .         Rampage  .   (no gloves)
MR       +++..     NoTele   +   (no boots)
Stlth    +++.......             v - amulet of magic regeneration
HPRegen  0.20/turn              u - ring of wizardry
MPRegen  0.53/turn              e - ring of Liberty {+Fly rF+++ rC+ MR++ Int-5}

@: no status effects
A: repulsion field 1, blink
a: Blink, Renounce Religion, Evoke Flight


You were in the Dungeon.
You worshipped Vehumet.
Vehumet was exalted by your worship.
You visited 1 branch You collected 3163 gold pieces.
You spent 1000 gold pieces at shops.

Inventory:

Hand Weapons
 a - a +3 short sword of venom (weapon)
Missiles
 b - 33 stones (quivered)
 r - 2 throwing nets
 s - 6 curare-tipped darts
Armour
 c - a +2 robe of poison resistance (worn)
Jewellery
 e - the ring of Liberty (right hand) {+Fly rF+++ rC+ MR++ Int-5}
   (You took it off a deep elf death mage in the Dungeon)

   [ring of protection from cold]

   It affects your intelligence (-5).
   It renders you almost immune to fire.
   It protects you from cold.
   It affects your resistance to hostile enchantments.
   It lets you fly.
 u - a ring of wizardry (left hand)
 v - an amulet of magic regeneration (around neck)
Wands
 q - a wand of polymorph (6)
Scrolls
 j - 3 scrolls of identify
 k - a scroll of remove curse {unknown}
 m - a scroll of immolation {unknown}
 n - 3 scrolls of amnesia {unknown}
 t - a scroll of torment {unknown}
Potions
 d - 2 potions of curing
 f - a potion of haste
 g - a potion of magic
 h - 3 potions of berserk rage
 l - 2 potions of flight {unknown}
 o - 5 potions of mutation
 p - a potion of might
Miscellaneous
 i - a condenser vane (1/2)


   Skills:
 - Level 1.3 Fighting
 + Level 6.6 Dodging
 - Level 4.5 Stealth
 - Level 0.1 Unarmed Combat
 + Level 24.6 Spellcasting
 + Level 4.1 Conjurations
 + Level 3.0 Transmutations
 + Level 21.4 Earth Magic
 + Level 0.2 Evocations


You had 45 spell levels left.
You knew the following spells:

 Your Spells              Type           Power        Failure   Level
a - Sandblast             Erth           ######       0%          1
b - Passwall              Tmut/Erth      ######..     0%          2
c - Stone Arrow           Conj/Erth      ######       0%          3
d - Lee's Rapid Deconstr  Erth           #######...   0%          5
e - Petrify               Tmut/Erth      ######..     1%          4

Your spell library contained the following spells:

 Spells                   Type           Power        Failure   Level
 Irradiate                Conj/Tmut      #####.....   1%          5
 Animate Skeleton         Necr           ####..       1%          1
 Apportation              Tloc           ####..       1%          1
 Corona                   Hex            ####...      1%          1
 Summon Small Mammal      Summ           ####         1%          1


Dungeon Overview and Level Annotations

Branches:
Dungeon (1/1)

Altars:
Cheibriados
Dithmenos
Elyvilon
Fedhas
Gozag
Hepliaklqana
Kikubaaqudgha
Makhleb
Nemelex Xobeh
Okawaru
Qazlal
Ru
Sif Muna
Trog
Uskayaw
Vehumet
Wu Jian
Xom
Yredelemnul
Zin
The Shining One
Beogh
Jiyva
Lugonu

Shops:
D [!}(:==(=?[?


Innate Abilities, Weirdness & Mutations

You are surrounded by a mild repulsion field. (EV +2)
You can translocate small distances at will.


Message History

The wall shatters!
The blast of rock fragments hits the deep elf master archer!
The deep elf master archer is moderately wounded.
The deep elf master archer shoots an arrow.
The arrow hits you!!!
Ouch! That really hurt!
* * * LOW HITPOINT WARNING * * *
Unknown command.
Unknown command.
Casting: Lee's Rapid Deconstruction (safe; 0% risk of failure)
Confirm with . or Enter, or press ? or * to list all spells.
Aiming: Lee's Rapid Deconstruction (safe; 0% risk of failure)
Press: ? - help, Dir - move target cursor A stone wall.
The wall shatters!
The blast of rock fragments hits the deep elf master archer!
The deep elf master archer is heavily wounded.
The deep elf master archer shoots an arrow.
The arrow hits you!!
You die...

▓▓▓▓▓▓ # ####..#.#######
### ####..##∩..'.#...#
...'
#.........##.#...##≈≈≈§#
#..........#)#).@≈≈≈[|e§
#).......###.#)..##≈§§§#
#)))#...#.##.)...# e§'
#)####..#..####### #
#)#####################
#....#.#.#..)..#.^....+
##.#))#.##.###.#..^...#
'##)#.#.##)#..##....^.#
#)..#..#..##..'...^...#


You could see a deep elf master archer and a deep elf annihilator.

Vanquished Creatures
  Sigmund (D)
  A deep elf demonologist (D)
  A deep elf death mage (D)
  Erolcha (D)
  4 orc high priests (D)
  2 deep elf knights (D)
  An orange crystal statue (D)
  5 deep elf magi (D)
  4 crystal guardians (D)
  4 statues (D)
  Edmund (D)
  3 wandering mushrooms (D)
  2 redbacks (D)
  A shadow (D)
  A spatial vortex (D)
  An orc warrior (D)
  A necrophage (D)
  5 two-headed ogres (D)
  A water elemental (D)
  A scorpion (D)
  3 orc priests (D)
  A jelly (D)
  Jessica (D)
  A wizard (D)
  A necromancer (D)
  2 orc wizards (D)
  A kobold demonologist (D)
  3 humans (D)
  2 oozes (D)
  12 orcs (D)
  A rat (D)
  A ballistomycete spore (D)
70 creatures vanquished.

Vanquished Creatures (others)
  2 hydras (D)
  9 plants (D)
11 creatures vanquished.

Grand Total: 81 creatures vanquished

Notes
Turn   | Place    | Note
-------+----------+-------------------------------------------
     0 | D        | mhtbhm the Deep Elf Earth Elementalist began the quest for
                  | the Orb.
     0 | D        | Reached XP level 1. HP: 10/10 MP: 6/6
     6 | D        | Reached XP level 2. HP: 15/15 MP: 2/8
    64 | D        | Noticed Jessica
    66 | D        | Killed Jessica
    66 | D        | Reached skill level 4 in Spellcasting
    66 | D        | Reached XP level 3. HP: 16/19 MP: 7/11
   118 | D        | Learned a level 2 spell: Passwall
   122 | D        | Learned a level 3 spell: Stone Arrow
   138 | D        | Reached skill level 5 in Spellcasting
   189 | D        | Noticed a scorpion
   196 | D        | Killed a scorpion
   196 | D        | Reached skill level 6 in Spellcasting
   196 | D        | Reached XP level 4. HP: 24/24 MP: 5/14
   227 | D        | Gained mutation: You can translocate small distances at
                  | will. [potion of mutation]
   227 | D        | Gained mutation: You are surrounded by a mild repulsion
                  | field. (EV +2) [potion of mutation]
   275 | D        | Noticed a water elemental
   278 | D        | Killed a water elemental
   278 | D        | Reached skill level 8 in Spellcasting
   278 | D        | Reached XP level 5. HP: 28/28 MP: 11/17
   322 | D        | Learned a level 5 spell: Lee's Rapid Deconstruction
   327 | D        | Learned a level 4 spell: Petrify
   333 | D        | Found a radiant altar of Vehumet.
   337 | D        | Found a shimmering blue altar of Sif Muna.
   337 | D        | Found an ancient bone altar of Kikubaaqudgha.
   347 | D        | Became a worshipper of Vehumet
   409 | D        | Found a glowing silver altar of Zin.
   409 | D        | Found a glowing golden altar of the Shining One.
   409 | D        | Found a white marble altar of Elyvilon.
   409 | D        | Noticed a deep elf mage
   411 | D        | Killed a deep elf mage
   411 | D        | Reached skill level 5 in Dodging
   411 | D        | Reached skill level 11 in Spellcasting
   411 | D        | Reached skill level 1 in Conjurations
   411 | D        | Reached XP level 6. HP: 32/32 MP: 8/22
   411 | D        | Reached XP level 7. HP: 36/36 MP: 8/24
   580 | D        | Found a hide-covered altar of Uskayaw.
   580 | D        | Found a roughly hewn altar of Beogh.
   580 | D        | Found an iron altar of Okawaru.
   580 | D        | Found a bloodstained altar of Trog.
   580 | D        | Found an ornate altar of the Wu Jian Council.
   580 | D        | Noticed a human
   580 | D        | Noticed a human
   582 | D        | Killed a human
   582 | D        | Reached skill level 12 in Spellcasting
   583 | D        | Killed a human
   583 | D        | Reached * piety under Vehumet
   583 | D        | Offered knowledge of Magic Dart by Vehumet.
   583 | D        | Reached skill level 13 in Spellcasting
   652 | D        | Found a basalt altar of Yredelemnul.
   652 | D        | Found a shadowy altar of Dithmenos.
   652 | D        | Found a sacrificial altar of Ru.
   723 | D        | Reached ** piety under Vehumet
   723 | D        | Reached XP level 8. HP: 41/41 MP: 21/27
   815 | D        | Found a blossoming altar of Fedhas.
   815 | D        | Found a stormy altar of Qazlal.
   815 | D        | Found a snail-covered altar of Cheibriados.
   815 | D        | Found a burning altar of Makhleb.
   815 | D        | Found a shimmering altar of Xom.
   816 | D        | Found a hazy altar of Hepliaklqana.
   816 | D        | Found an opulent altar of Gozag.
   816 | D        | Found a sparkling altar of Nemelex Xobeh.
   816 | D        | Found a corrupted altar of Lugonu.
   816 | D        | Found a viscous altar of Jiyva.
   822 | D        | Offered knowledge of Shock by Vehumet.
   822 | D        | Reached skill level 14 in Spellcasting
   982 | D        | Offered knowledge of Inner Flame by Vehumet.
   984 | D        | Reached *** piety under Vehumet
  1074 | D        | Noticed a two-headed ogre
  1077 | D        | Killed a two-headed ogre
  1077 | D        | Reached skill level 15 in Spellcasting
  1077 | D        | Reached skill level 15 in Earth Magic
  1080 | D        | Noticed Erolcha
  1099 | D        | Killed Erolcha
  1099 | D        | Reached skill level 1 in Fighting
  1099 | D        | Reached skill level 16 in Spellcasting
  1099 | D        | Reached XP level 9. HP: 30/47 MP: 24/31
  1198 | D        | Noticed a two-headed ogre
  1203 | D        | Killed a two-headed ogre
  1203 | D        | Offered knowledge of Ignite Poison by Vehumet.
  1203 | D        | Reached skill level 17 in Spellcasting
  1204 | D        | Reached **** piety under Vehumet
  1258 | D        | Noticed a wandering mushroom
  1266 | D        | Noticed a wandering mushroom
  1272 | D        | Killed a wandering mushroom
  1273 | D        | Noticed a wandering mushroom
  1274 | D        | Killed a four-headed hydra
  1279 | D        | Killed a wandering mushroom
  1279 | D        | Reached skill level 18 in Spellcasting
  1291 | D        | Killed a five-headed hydra
  1330 | D        | Killed a wandering mushroom
  1480 | D        | Noticed an orc high priest
  1482 | D        | Noticed an orange demon
  1483 | D        | Offered knowledge of Iskenderun's Mystic Blast by Vehumet.
  1483 | D        | Reached ***** piety under Vehumet
  1483 | D        | Noticed an orc high priest
  1484 | D        | Noticed an orange demon
  1484 | D        | Noticed a red devil
  1488 | D        | Killed an orc high priest
  1488 | D        | Reached skill level 19 in Spellcasting
  1488 | D        | Reached XP level 10. HP: 44/52 MP: 12/35
  1489 | D        | Killed an orc high priest
  1492 | D        | Reached ****** piety under Vehumet
  1550 | D        | Found Faeczaom's Armour Shop.
  1702 | D        | Noticed a deep elf mage
  1702 | D        | Noticed a deep elf knight
  1702 | D        | Noticed a deep elf mage
  1702 | D        | Noticed a deep elf mage
  1702 | D        | Noticed a deep elf knight
  1710 | D        | HP: 2/52 [stone wall collision (21)]
  1711 | D        | Killed a deep elf mage
  1711 | D        | Offered knowledge of Yara's Violent Unravelling by Vehumet.
  1713 | D        | Killed a deep elf mage
  1713 | D        | Reached skill level 20 in Spellcasting
  1713 | D        | Killed a deep elf knight
  1715 | D        | Killed a deep elf mage
  1716 | D        | Killed a deep elf knight
  1716 | D        | Reached skill level 21 in Spellcasting
  1758 | D        | Identified the ring of Liberty {+Fly rF+++ rC+ MR++ Int-5}
  1758 | D        | Noticed a deep elf death mage
  1766 | D        | Killed a deep elf death mage
  1766 | D        | Reached XP level 11. HP: 50/56 MP: 12/38
  1870 | D        | Noticed a deep elf annihilator
  1914 | D        | Noticed Edmund
  1916 | D        | Noticed Sigmund
  1922 | D        | Killed Sigmund
  1922 | D        | Reached skill level 22 in Spellcasting
  1924 | D        | Killed Edmund
  1924 | D        | Reached skill level 23 in Spellcasting
  2066 | D        | Noticed a soul eater
  2067 | D        | Offered knowledge of Iron Shot by Vehumet.
  2069 | D        | Noticed a soul eater
  2075 | D        | Noticed a sun demon
  2170 | D        | Noticed an orange crystal statue
  2183 | D        | Found Disycyzxo's Jewellery Emporium.
  2183 | D        | Found Synaysud's Jewellery Shop.
  2183 | D        | Found Rusodumm's Book Boutique.
  2183 | D        | Found Rinoinumm's Jewellery Boutique.
  2183 | D        | Found Kuiv's Antique Weapon Emporium.
  2183 | D        | Found Inge Tuy's Antique Weapon Shoppe.
  2183 | D        | Found Sempuad's Magic Scroll Shop.
  2183 | D        | Found Jav Cexo's Gadget Shop.
  2183 | D        | Found Jaratetz's Antique Armour Emporium.
  2183 | D        | Found Umymuhuo's Distillery.
  2183 | D        | Found Tewkeus's Magic Scroll Boutique.
  2264 | D        | Noticed a crystal guardian
  2265 | D        | Killed a crystal guardian
  2265 | D        | Noticed a crystal guardian
  2266 | D        | Killed a crystal guardian
  2268 | D        | Noticed a crystal guardian
  2268 | D        | Noticed a crystal guardian
  2270 | D        | Killed a crystal guardian
  2270 | D        | Killed a crystal guardian
  2270 | D        | Offered knowledge of Irradiate by Vehumet.
  2307 | D        | Noticed a water elementalist statue
  2307 | D        | Noticed an air elementalist statue
  2309 | D        | Killed a water elementalist statue
  2310 | D        | Killed an air elementalist statue
  2338 | D        | Noticed a fire elementalist statue
  2338 | D        | Noticed an earth elementalist statue
  2339 | D        | Killed a fire elementalist statue
  2339 | D        | Reached skill level 24 in Spellcasting
  2341 | D        | Killed an earth elementalist statue
  2380 | D        | Killed an orange crystal statue
  2380 | D        | Reached XP level 12. HP: 61/61 MP: 35/42
  2397 | D        | Bought a condenser vane (2/2) for 220 gold pieces
  2402 | D        | Bought an uncursed ring of wizardry for 390 gold pieces
  2402 | D        | Bought an uncursed amulet of magic regeneration for 390
                  | gold pieces
  2515 | D        | Identified the amulet of Ru's Displeasure {RegenMP Slay+4}
  2515 | D        | Noticed a deep elf high priest
  2520 | D        | Noticed a deep elf demonologist
  2524 | D        | Killed a deep elf demonologist
  2526 | D        | Noticed a deep elf annihilator
  2529 | D        | Noticed a deep elf master archer
  2705 | D        | Shot with an arrow by a deep elf master archer

Illustrated notes

Levels and vault maps discovered:
D:        dungeon_sprint_mu [sprint_mu_entry_forest, sprint_mu_temple_rooms,
          sprint_mu_d1_spiders, sprint_mu_d2_genie, sprint_mu_d3_branching,
          sprint_mu_orc_legion, sprint_mu_elf_gauntlet, sprint_mu_hive_nellie,
          sprint_mu_lair_fedhas, sprint_mu_vaults_butterflies,
          sprint_mu_slime_circle, sprint_mu_shoals_archi,
          sprint_mu_snake_twists, sprint_mu_blade_basic,
          sprint_mu_crypt_chambers, sprint_mu_tomb_spiral,
          sprint_mu_vestibule_basic, sprint_mu_gehenna_hellfire,
          sprint_mu_dis_giant, sprint_mu_tartarus_statrot,
          sprint_mu_cocytus_islands, sprint_mu_zot1]

Skill      XL: |  1  2  3  4  5  6  7  8  9 10 11 12 |
---------------+-------------------------------------+-----
Earth Magic    | 4 6 8 9 12 14 16 17 19 21 | 21.4
Dodging        | 3 4 5 6 |  6.6
Stealth        | 3 4 |  4.5
Spellcasting   | 4 6 8 11 13 16 19 21 24 | 24.6
Conjurations   | 1 2 3 4 |  4.1
Fighting       | 1 |  1.3
Transmutations | 2 3 |  3.0
Unarmed Combat | |  0.1
Evocations     | |  0.2

Action                   |  1- 3 |  4- 6 |  7- 9 | 10-12 || total
-------------------------+-------+-------+-------+-------++-------
Melee: Unarmed           |       |       |     1 |       ||     1
       Short sword       |       |       |       |     6 ||     6
 Cast: Sandblast         |    13 |     4 |     4 |       ||    21
       Stone Arrow       |     1 |       |    12 |     3 ||    16
       Lee's Rapid Decon |       |     3 |    32 |    47 ||    82
       Passwall          |       |       |       |     1 ||     1
       Petrify           |       |       |       |     4 ||     4
Evoke: Condenser vane    |       |       |       |     2 ||     2
  Use: Potion            |       |     1 |     2 |     1 ||     4
       Scroll            |       |       |       |     1 ||     1
 Stab: Sleeping          |       |       |     1 |       ||     1
Armor: Robe              |       |       |       |     1 ||     1
Dodge: Dodged            |     2 |       |     2 |    17 ||    21

Table legend: (Time is in decaauts)
 A = Elapsed time spent in this place.
 B = Non-inter-level travel time spent in this place.
 C = Inter-level travel time spent in this place.
 D = Time resting spent in this place.
 E = Time spent auto-exploring this place.
 F = Levels seen in this place.
 G = Mean time per level.
                   A        B        C        D        E       F      G
               +--------+--------+--------+--------+--------+-----+--------+
         Total |   2708 |   2708 |      0 |   1812 |      1 |   1 | 2708.0 |
       Dungeon |   2708 |   2708 |      0 |   1812 |      1 |   1 | 2708.0 |
               +--------+--------+--------+--------+--------+-----+--------+

Top non-repeatable levels by time:
       D: 2708 daAuts
